 Dungeon Crawl Stone Soup version 0.18-a0-1160-geb89fc2 (webtiles) character file.

151 poirepourri the Firebug (level 5, -4/28 HPs)
             Began as a Deep Elf Fire Elementalist on Jan 24, 2016.
             Slain by an ogre
             ... wielding a +0 giant club
              (6 damage)
             ... on level 3 of the Dungeon.
             The game lasted 00:05:03 (2859 turns).

poirepourri the Firebug (DEFE)                      Turns: 2859, Time: 00:05:03

Health: -4/28      AC:  2    Str:  5    XL:     5   Next: 10%
Magic:  1/13       EV: 13    Int: 21    God:
Gold:   97         SH:  0    Dex: 15    Spells: 4 memorised, 3 levels left

rFire  . . .     SeeInvis +     j - +1 short sword
rCold  . . .     Gourm    .     a - +0 robe
rNeg   . . .     Faith    .     (no shield)
rPois  .         Spirit   .     (no helmet)
rElec  .         Dismiss  .     (no cloak)
rCorr  .         Reflect  .     (no gloves)
SustAt .         Harm     .     (no boots)
MR     .....                    (no amulet)
Stlth  ++........               (no ring)
                                e - ring of see invisible

@: not resistant to hostile enchantments, unstealthy
A: no striking features
a: no special abilities


You were on level 3 of the Dungeon.
You were not hungry.

You visited 1 branch of the dungeon, and saw 3 of its levels.

You collected 97 gold pieces.

Inventory:

Hand Weapons
 j - a +1 short sword (weapon)
Armour
 a - a +0 robe (worn)
Jewellery
 e - a ring of see invisible (left hand)
 h - an uncursed ring of sustain attributes {unknown}
Scrolls
 f - a scroll of teleportation
 g - a scroll of magic mapping
 i - 3 scrolls of identify
Potions
 d - a potion of agility
Books
 b - a book of Flames

   Spells                             Type                      Level
   a - Flame Tongue                   Conjuration/Fire             1
   b - Throw Flame                    Conjuration/Fire             2
   c - Conjure Flame                  Conjuration/Fire             3
   d - Inner Flame                    Hexes/Fire                   3
   e - Sticky Flame                   Conjuration/Fire             4
   f - Fireball                       Conjuration/Fire             5
Comestibles
 c - a bread ration


   Skills:
 + Level 0.2 Fighting
 + Level 3.2 Dodging
 + Level 3.5 Stealth
 + Level 4.0 Spellcasting
 + Level 2.1 Conjurations
 + Level 4.6 Fire Magic


You had 3 spell levels left.
You knew the following spells:

 Your Spells              Type           Power        Failure   Level  Hunger
a - Flame Tongue          Conj/Fire      ###..        3%          1    None
b - Throw Flame           Conj/Fire      ###...       6%          2    #......
c - Conjure Flame         Conj/Fire      ###.....     12%         3    ###....
d - Inner Flame           Hex/Fire       ##......     17%         3    ###....


Dungeon Overview and Level Annotations

Branches:
Dungeon (3/15)

Altars:
Cheibriados
Gozag
Nemelex Xobeh
Sif Muna
Trog
Xom
Yredelemnul


Message History

Unknown command.
Sorry, you're not good enough to have a special ability.
Casting: Flame Tongue
Confirm with . or Enter, or press ? or * to list all spells.
Aiming: Flame Tongue
Press: ? - help, Shift-Dir - straight line, f/p - ogre
Aim: an ogre, wielding a giant club (severely wounded)
The flame tongue hits the ogre.
The ogre is severely wounded.
The ogre hits you with a giant club!
* * * LOW HITPOINT WARNING * * *
Casting: Flame Tongue
Confirm with . or Enter, or press ? or * to list all spells.
Aiming: Flame Tongue
Press: ? - help, Shift-Dir - straight line, f/p - ogre
Aim: an ogre, wielding a giant club (severely wounded)
The flame tongue hits the ogre.
The ogre appears unharmed.
The ogre is severely wounded.
The ogre hits you with a giant club.
You die...

##.!...........
.##.......##.....
.................
.....##.........#
.................#
.......##.#####.#.#
.......##.........#
..........#.O..###
####.#......#@####
...........#.#
#####..#.......#
#..#........####
#........###
##........#
###..^..###.###
.........†.....
.........##..[.


You could see an ogre.

Vanquished Creatures
  A worker ant (D:2)
  7 adders
  An ooze (D:2)
  2 worms (D:2)
  A giant gecko (D:1)
  An orc (D:3)
  11 bats
  5 giant cockroaches
  9 goblins
  5 hobgoblins
  4 jackals (D:2)
  A ball python (D:1)
  A giant newt (D:2)
  2 kobolds
  6 rats
57 creatures vanquished.

Vanquished Creatures (others)
  An ooze (D:3)
  A bat (D:3)
  A giant cockroach (D:3)
3 creatures vanquished.

Grand Total: 60 creatures vanquished

Notes
Turn   | Place    | Note
--------------------------------------------------------------
     0 | D:1      | poirepourri the Deep Elf Fire Elementalist began the quest for the Orb.
     0 | D:1      | Reached XP level 1. HP: 10/10 MP: 6/6
   315 | D:1      | Reached XP level 2. HP: 15/15 MP: 6/8
   840 | D:1      | Learned a level 2 spell: Throw Flame
  1048 | D:2      | Reached XP level 3. HP: 19/19 MP: 5/9
  1246 | D:2      | Reached skill level 4 in Fire Magic
  1383 | D:2      | Reached XP level 4. HP: 15/24 MP: 2/11
  1514 | D:2      | Found a snail-covered altar of Cheibriados.
  2109 | D:2      | Learned a level 3 spell: Conjure Flame
  2113 | D:2      | Learned a level 3 spell: Inner Flame
  2543 | D:3      | Reached XP level 5. HP: 28/28 MP: 5/12
  2714 | D:3      | Found an opulent altar of Gozag.
  2716 | D:3      | Found a deep blue altar of Sif Muna.
  2719 | D:3      | Found a shimmering altar of Xom.
  2719 | D:3      | Found a bloodstained altar of Trog.
  2722 | D:3      | Found a basalt altar of Yredelemnul.
  2736 | D:3      | Found a sparkling altar of Nemelex Xobeh.
  2843 | D:3      | Noticed an ogre
  2859 | D:3      | Slain by an ogre

Vault maps used:
D:1:      dpeg_arrival_boxes_within_box
D:2:      cheibriados_altar_1, first_bread
D:3:      overflow_temple_1_default, grunt_temple_overflow_open,
          lemuel_doored_altar, lemuel_flame_loot_1

Action                   |  1- 3 |  4- 6 || total
-------------------------+-------+-------++-------
Melee: Unarmed           |     3 |       ||     3
       Short sword       |    12 |     3 ||    15
 Cast: Flame Tongue      |    48 |    34 ||    82
       Throw Flame       |    11 |    24 ||    35
  Use: Scroll            |     4 |     3 ||     7
       Potion            |     2 |     1 ||     3
  Eat: Chunk             |     2 |       ||     2
       Bread ration      |       |     1 ||     1
